 Dungeon Crawl Stone Soup version 0.24-a0-520-g8fd06ad0bc (webtiles) character file.

Game seed: 17902879796679643348

46 KristoblXynda the Slasher (level 3, 0/29 HPs)
             Began as a Draconian Skald on July 23, 2019.
             Slain by Sigmund
             ... wielding a +0 scythe
              (9 damage)
             ... on level 2 of the Dungeon.
             The game lasted 00:02:25 (948 turns).

KristoblXynda the Slasher (Draconian Skald)          Turns: 948, Time: 00:02:25

Health: 0/29       AC:  6    Str: 16    XL:     3   Next: 46%
Magic:  6/6        EV: 12    Int: 14    God:
Gold:   145        SH:  0    Dex: 10    Spells: 5/6 levels left

rFire    . . .     SeeInvis .   a - +0 falchion
rCold    . . .     Gourm    .   (no shield)
rNeg     . . .     Faith    .   (armour unavailable)
rPois    .         Spirit   .   (helmet restricted)
rElec    .         Reflect  .   (no cloak)
rCorr    .         Harm     .   h - +0 pair of gloves
MR       .....                  (no boots)
Stlth    +.........             (no amulet)
HPRegen  0.09/turn              e - +3 ring of slaying
MPRegen  0.10/turn              j - +3 ring of strength

@: confused
A: unfitting armour, cold-blooded, AC +5
a: no special abilities


You were on level 2 of the Dungeon.
You were not hungry.

You visited 1 branch of the dungeon, and saw 2 of its levels.

You collected 145 gold pieces.

Inventory:

Hand Weapons
 a - a +0 falchion (weapon)
Armour
 h - a +0 pair of gloves (worn)
Jewellery
 e - a +3 ring of slaying (left hand)
 j - a +3 ring of strength (right hand)
Scrolls
 b - a scroll of enchant weapon {unknown}
 d - 2 scrolls of remove curse
 g - a scroll of teleportation {unknown}
 i - 2 scrolls of identify {unknown}
 k - 3 scrolls of immolation {unknown}
Potions
 f - a potion of lignification {unknown}
 l - a potion of curing {unknown}
Comestibles
 c - 2 rations


   Skills:
 - Level 2.1 Fighting
 * Level 3.1 Long Blades
 + Level 2.6 Dodging
 - Level 2.0 Spellcasting
 + Level 3.1 Charms


You had 5 spell levels left.
You knew the following spells:

 Your Spells              Type           Power        Failure   Level  Hunger
a - Infusion              Chrm           ##..         7%          1    ##.....

Your spell library contained the following spells:

 Spells                   Type           Power        Failure   Level  Hunger
 Song of Slaying          Chrm           ##......     10%         2    ###....
 Shroud of Golubria       Chrm/Tloc      #.....       19%         2    ###....
 Regeneration             Chrm/Necr      #.........   36%         3    ####...
 Spectral Weapon          Hex/Chrm       #.......     36%         3    ####...


Dungeon Overview and Level Annotations

Branches:
Dungeon (2/15)

Altars:
Qazlal

Annotations:
D:2 Sigmund


Innate Abilities, Weirdness & Mutations

Your plain brown scales are hard. (AC +5)
You cannot fit into any form of body armour.
You are cold-blooded and may be slowed by cold attacks.


Message History

You are confused.
You bump into the rock wall.
You bump into the rock wall.
Sigmund appears from thin air!
Reactivating autopickup.
You bump into the rock wall.
Sigmund casts a spell.
Sigmund flickers and vanishes!
Deactivating autopickup; reactivate with Ctrl-A.
You bump into the rock wall.
You hear some strange, mumbled words.
A puff of flame appears from out of thin air!
The puff of flame hits you.
* * * LOW HITPOINT WARNING * * *
You're too confused to move!
You feel less confused.
You hear some strange, mumbled words.
You are confused.
Something hits you but does no damage.
You bump into the rock wall.
Something hits you!
You die...

.........# .........#
.....).<.## ..........##
........#..## ........##..###
#### ........###...##
###..##### ..#..#### ###..###
#........#
..##..########..@#####........#
..............................#
..##..###########.............#
#..#....#.....##.....#.#......#
##..#.........................#
...... .......................#
.##.### ..............>.#######
...... ................# ###.##
................###


There were no monsters in sight!

Vanquished Creatures
  An ooze (D:1)
  3 dart slugs (D:1)
  2 leopard geckos
  4 giant cockroaches (D:1)
  2 goblins
  2 hobgoblins (D:1)
  A quokka (D:2)
  6 bats
  4 frilled lizards (D:1)
  6 kobolds (D:1)
  2 rats
33 creatures vanquished.

Notes
Turn   | Place    | Note
-------+----------+-------------------------------------------
     0 | D:1      | KristoblXynda the Draconian Skald began the quest for the
                  | Orb.
     0 | D:1      | Reached XP level 1. HP: 17/17 MP: 3/3
   134 | D:1      | Reached XP level 2. HP: 24/24 MP: 5/5
   324 | D:1      | Reached XP level 3. HP: 18/29 MP: 6/6
   736 | D:2      | Found a stormy altar of Qazlal.
   904 | D:2      | Noticed Sigmund
   948 | D:2      | Slain by Sigmund

Levels and vault maps discovered:
D:1:      dpeg_arrival_castle, layout_loops_ring, minivault_24
D:2:      layout_rooms, nicolae_overflow_hidden_temple, uniq_sigmund

Skill      XL: |  1  2  3 |
---------------+----------+-----
Charms         | 3 |  3.1
Long Blades    | 3 |  3.1
Fighting       | |  2.1
Dodging        | |  2.6
Spellcasting   | |  2.0

Action                   || total
-------------------------++-------
Melee: Falchion          ||    90
       Tailslap          ||     8
  Use: Scroll            ||     1
Armor: Skin              ||    32
Dodge: Dodged            ||    92
       Rpst.: Falchion   ||    28

Table legend:
 A = Non-vault XP
 B = Vault XP
 C = Vault XP percentage of total XP
 D = Non-vault monster count
 E = Vault monster count
 F = Vault count percentage of total count
                 A         B        C        D         E       F
            +---------+---------+-------+---------+---------+-------
      Total |      67 |       0 |   0.0 |      33 |       0 |   0.0
            +---------+---------+-------+---------+---------+-------
        D:1 |      57 |       0 |   0.0 |      28 |       0 |   0.0
        D:2 |      10 |       0 |   0.0 |       5 |       0 |   0.0
            +---------+---------+-------+---------+---------+-------
